Map: Nephor I

Players

Mørtebianca

  • Race: Zerg Zerg
  • League: Diamond
  • Spawn Location: 6:00

LaWeedaLoca

  • Race: Protoss Protoss
  • League: Master
  • Spawn Location: 7:00

Jhyrachy

  • Race: Zerg Zerg
  • League: Silver
  • Spawn Location: 7:00

Parazitu - Winner!

  • Race: Zerg Zerg
  • Spawn Location: 12:00

TaviD - Winner!

  • Race: Zerg Zerg
  • League: Platinum
  • Spawn Location: 1:00

Exe - Winner!

  • Race: Protoss Protoss
  • Spawn Location: 1:00

VOD

Have the link to the VOD?

Description

Time

  • Played on: Dec. 17, 2015, 6:44 p.m.
  • Length: 17:08
Show
View Real Time Build Order
Export as new Build Order

Mørtebianca Zerg 

Build Orders: Hatch First 

Get SALT Encoding   

  12  0:02  Drone  
  13  0:07  Drone  
  14  0:17  Overlord  
  14  0:35  Drone x3  
  17  0:53  Hatchery  
  17  0:56  Drone  
  17  0:58  Extractor  
  17  1:01  Drone  
  17  1:07  Drone  
  18  1:20  Spawning Pool  
  17  1:26  Drone  
  18  1:33  Drone  
  19  1:43  Overlord  
  19  1:50  Drone  
  20  2:05  Drone  
  20  2:06  Metabolic Boost  
  20  2:07  Queen  
  23  2:12  Queen  
  23  2:15  Drone  
  26  2:18  Drone  
  27  2:24  Drone x2  
  27  2:28  Drone  
  30  2:36  Drone  
  31  2:56  Drone x4  
  35  3:06  Drone  
  35  3:08  Overlord  
  36  3:17  Overlord x2  
  36  3:21  Roach Warren  
  36  3:22  Extractor  
  36  3:24  Extractor  
  36  3:25  Hatchery  
  32  3:29  Drone x3  
  32  3:30  Drone x2  
  32  3:31  Drone  
  32  3:32  Drone  
  39  3:34  Drone  
  39  3:39  Drone  
  41  3:45  Drone  
  41  3:48  Queen  
  42  3:49  Lair  
  42  3:50  Drone  
  45  3:55  Evolution Chamber  
  45  3:59  Evolution Chamber  
  45  4:00  Drone  
  45  4:01  Drone x2  
  45  4:02  Drone  
  47  4:10  Drone  
  47  4:11  Drone  
  47  4:12  Drone x2, Extractor  
  50  4:17  Overlord  
  50  4:22  Zerg Missile Weapons Level 1  
  50  4:31  Zerg Ground Armor Level 1, Drone  
  50  4:32  Drone  
  50  4:34  Drone  
  50  4:35  Drone  
  50  4:36  Drone x3  
  57  4:39  Drone x2  
  57  4:40  Drone  
  57  4:42  Drone  
  61  4:47  Drone  
  61  4:49  Spore Crawler  
  61  4:52  Drone  
  62  4:53  Drone  
  62  4:54  Spore Crawler  
  62  4:59  Drone  
  63  5:00  Drone  
  63  5:03  Glial Reconstitution  
  64  5:08  Roach x4  
  64  5:10  Overlord  
  72  5:16  Drone  
  72  5:18  Hydralisk Den  
  72  5:20  Roach  
  74  5:22  Extractor  
  74  5:23  Overlord x2  
  74  5:24  Extractor  
  72  5:30  Spore Crawler  
  72  5:31  Spore Crawler  
  72  5:32  Spore Crawler, Drone x3  
  72  5:43  Roach x3  
  72  5:44  Roach x4  
  72  5:46  Roach  
  72  5:47  Drone  
  72  5:48  Drone  
  72  5:49  Drone  
  91  5:52  Drone  
  91  5:56  Drone x2  
  91  5:57  Drone  
  95  5:58  Roach  
  95  6:04  Overlord x2  
  97  6:06  Muscular Augments  
  97  6:14  Drone x2  
  97  6:16  Drone  
  79  6:27  Drone x2  
  79  6:28  Drone x3  
  79  6:29  Drone  
  79  6:30  Drone x6  
  91  6:39  Spore Crawler  
  90  6:42  Drone x2  
  90  6:43  Spore Crawler x2, Drone  
  91  6:48  Roach x2  
  91  6:52  Zerg Missile Weapons Level 2  
  95  6:54  Zerg Ground Armor Level 2  
  95  6:56  Drone  
  95  6:57  Drone x2  
  98  7:02  Overlord  
  98  7:04  Queen  
  100  7:13  Roach  
  100  7:14  Roach x4  
  110  7:17  Roach  
  110  7:18  Overlord  
  112  7:31  Roach x2  
  112  7:32  Roach  
  112  7:39  Drone x4  
  112  7:40  Drone  
  113  7:44  Drone  
  113  7:49  Drone  
  115  7:52  Drone  
  116  7:59  Ravager  
  116  8:00  Overlord x3  
  116  8:03  Overlord x2  
  116  8:04  Overlord x2  
  117  8:07  Ravager x5  
  117  8:10  Overlord x4  
  122  8:28  Roach x7  
  122  8:29  Ravager  
  122  8:30  Ravager x9  
  122  8:31  Ravager x2  
  122  8:32  Ravager x2  
  122  8:33  Ravager  
  122  8:34  Ravager x2  
  153  8:52  Hydralisk  
  153  8:53  Hydralisk x5  
  159  9:08  Hydralisk x5  
  169  9:12  Hydralisk  
  168  9:20  Hydralisk x3  
  174  9:27  Hydralisk x2  
  173  9:36  Hydralisk x3  
  119  9:56  Overlord  
  119  9:57  Overlord x3  
  118  10:20  Overlord x5  
  113  10:32  Overlord x2  
  113  10:45  Overlord x2  
  113  10:56  Hatchery  
  112  10:58  Extractor  
  111  11:11  Drone x2  
  111  11:12  Drone  
  111  11:13  Drone x4  
  111  11:17  Hydralisk  
  120  11:20  Hydralisk  
  120  11:21  Hatchery  
  121  11:26  Drone  
  121  11:28  Infestation Pit  
  121  11:33  Hydralisk  
  121  11:39  Drone x4  
  99  12:05  Hydralisk x5  
  99  12:07  Hydralisk  
  109  12:17  Hydralisk x2  
  109  12:20  Hydralisk  
  109  12:21  Hydralisk  
  117  12:25  Spore Crawler  
  117  12:27  Hydralisk  
  117  12:28  Spore Crawler  
  117  12:29  Spore Crawler  
  116  12:30  Hydralisk x2  
  120  12:37  Queen  
  120  12:38  Extractor  
  121  12:47  Extractor  
  121  12:48  Drone x3, Hydralisk  
  125  12:53  Hive  
  125  13:04  Hydralisk x2  
  125  13:05  Hydralisk x2  
  133  13:08  Hydralisk  
  133  13:12  Hydralisk  
  137  13:36  Overlord x3  
  137  13:41  Spore Crawler, Hydralisk  
  137  13:42  Overlord x2  
  137  13:43  Spore Crawler  
  137  13:51  Overlord x3  
  137  13:52  Overlord  
  137  13:56  Hydralisk x8  
  137  13:57  Hydralisk  
  155  14:08  Hydralisk  
  157  14:12  Hatchery  
  157  14:15  Extractor  
  155  14:18  Hydralisk x2  
  155  14:19  Hydralisk  
  161  14:41  Hydralisk x5  
  169  15:02  Hydralisk x4  
  159  15:21  Hydralisk  
  159  15:22  Hydralisk x3  
  165  15:43  Hydralisk x3  
  141  16:07  Hydralisk x2  
  96  16:21  Hydralisk x3  
  92  16:58  Hatchery  
Show
View Real Time Build Order
Export as new Build Order

LaWeedaLoca Protoss 

Build Orders: 1 Gate Expand, Blink Stalkers 

Get SALT Encoding   

  12  0:02  Probe (Chrono Boost)  
  13  0:13  Probe (Chrono Boost)  
  14  0:19  Pylon  
  14  0:24  Probe (Chrono Boost)  
  15  0:37  Probe (Chrono Boost)  
  15  0:38  Gateway  
  16  0:48  Probe (Chrono Boost)  
  17  0:50  Assimilator  
  17  0:58  Probe (Chrono Boost)  
  18  1:12  Probe (Chrono Boost)  
  19  1:22  Nexus  
  19  1:33  Cybernetics Core  
  19  1:40  Pylon  
  19  1:43  Probe (Chrono Boost)  
  21  1:54  Probe (Chrono Boost)  
  21  1:57  Assimilator  
  21  2:04  Probe (Chrono Boost)  
  22  2:12  Stalker  
  26  2:15  Mothership Core (Chrono Boost)  
  26  2:28  Warp Gate  
  26  2:33  Probe (Chrono Boost)  
  26  2:35  Probe (Chrono Boost)  
  29  2:44  Probe (Chrono Boost)  
  29  2:45  Probe (Chrono Boost)  
  29  2:46  Twilight Council  
  30  2:53  Stalker  
  30  2:55  Probe (Chrono Boost)  
  30  2:56  Probe (Chrono Boost)  
  35  3:05  Probe (Chrono Boost)  
  35  3:12  Gateway  
  35  3:17  Gateway  
  35  3:19  Probe x2 (Chrono Boost)  
  37  3:25  Blink  
  37  3:30  Stalker  
  37  3:33  Probe (Chrono Boost)  
  40  3:36  Probe (Chrono Boost)  
  41  3:43  Probe (Chrono Boost)  
  42  3:49  Robotics Facility  
  42  3:51  Pylon  
  42  3:53  Probe (Chrono Boost)  
  42  3:55  Probe (Chrono Boost)  
  44  4:06  Probe x2 (Chrono Boost)  
  44  4:08  Assimilator  
  46  4:11  Assimilator  
  46  4:13  Pylon  
  46  4:16  Probe (Chrono Boost)  
  47  4:28  Probe (Chrono Boost)  
  47  4:29  Probe (Chrono Boost)  
  47  4:30  Forge  
  49  4:37  Observer  
  50  4:41  Robotics Bay  
  50  4:43  Stalker  
  52  4:52  Probe x2 (Chrono Boost)  
  54  5:03  Observer  
  54  5:04  Protoss Ground Weapons Level 1  
  54  5:06  Probe x2 (Chrono Boost)  
  57  5:14  Nexus  
  57  5:17  Probe (Chrono Boost), Pylon  
  57  5:18  Photon Cannon  
  58  5:22  Photon Cannon  
  58  5:31  Pylon  
  58  5:33  Stalker x2  
  62  5:48  Photon Cannon  
  62  5:50  Pylon  
  62  5:52  Stalker  
  62  5:56  Disruptor  
  67  6:07  Stalker x2  
  71  6:18  Gateway x2  
  71  6:20  Gateway  
  71  6:33  Stalker x3  
  77  6:43  Probe x3 (Chrono Boost)  
  80  6:50  Assimilator  
  80  6:51  Disruptor  
  80  6:53  Assimilator, Probe x3 (Chrono Boost)  
  86  6:58  Protoss Ground Armor Level 1 (Chrono Boost)  
  86  6:59  Pylon  
  86  7:00  Stalker  
  88  7:03  Stalker x2  
  92  7:26  Warp Prism  
  94  7:36  Stalker x4  
  94  7:37  Stalker x2  
  106  7:59  Gateway  
  106  8:00  Stalker  
  106  8:01  Gateway  
  106  8:05  Probe (Chrono Boost)  
  109  8:09  Pylon  
  109  8:11  Pylon  
  109  8:12  Pylon  
  109  8:17  Pylon  
  109  8:18  Pylon  
  109  8:26  Probe x2  
  109  8:27  Probe  
  112  8:38  Stalker x3  
  112  8:39  Stalker  
  112  8:40  Stalker x2  
  124  8:51  Protoss Ground Weapons Level 2 (Chrono Boost)  
  88  9:04  Stalker  
  88  9:05  Stalker x5  
  60  9:27  Stalker x2  
  60  9:29  Stalker x6  
  76  9:39  Gateway x2  
  76  9:41  Gateway  
  76  10:06  Stalker x4  
  76  10:07  Stalker x2  
  88  10:08  Stalker x2  
  92  10:30  Stalker x3  
  92  10:31  Stalker x2  
  92  10:32  Stalker x3  
  108  10:41  Stalker x2  
  108  10:42  Stalker  
  114  10:44  Warp Prism  
  116  10:53  Nexus  
  116  10:56  Assimilator  
  116  10:59  Protoss Ground Weapons Level 3 (Chrono Boost)  
  110  11:13  Stalker x5  
  120  11:33  Stalker x4  
  120  11:34  Stalker  
  70  12:06  Mothership Core  
  62  12:12  Templar Archives  
  39  12:19  Stalker x2  
  39  12:20  Stalker x5  
  39  12:21  Stalker  
  53  12:56  Nexus, High Templar x2  
  57  13:01  Archon  
  57  13:17  High Templar x2  
  61  13:21  Archon  
  61  13:23  High Templar x5  
  61  13:24  High Templar x2  
  75  13:27  Archon x3  
  75  13:30  High Templar  
  75  13:34  Archon  
  77  13:38  High Templar  
  79  13:49  High Templar  
  79  13:54  Archon  
  81  13:55  Stalker  
  81  13:56  Stalker x5  
  81  13:57  Stalker  
  81  13:59  Zealot  
  81  14:02  Probe  
  97  14:04  Probe  
  99  14:13  Probe  
  99  14:16  Probe  
  100  14:18  Stalker  
  100  14:19  Stalker x3  
  100  14:23  Probe  
  108  14:28  Probe  
  110  14:34  Probe  
  107  14:40  Probe  
  107  14:44  Probe  
  108  14:46  Stalker  
  108  14:47  Stalker x3  
Show
View Real Time Build Order
Export as new Build Order

Jhyrachy Zerg 

Build Orders: Hatch First 

Get SALT Encoding   

  12  0:02  Drone  
  13  0:08  Drone  
  14  0:18  Overlord  
  14  0:38  Drone x3  
  17  0:57  Hatchery  
  17  1:00  Drone  
  17  1:03  Extractor  
  16  1:05  Drone  
  17  1:21  Spawning Pool  
  17  1:22  Drone  
  17  1:29  Drone  
  18  1:33  Overlord  
  18  1:50  Drone  
  19  1:59  Drone  
  20  2:08  Queen  
  20  2:10  Queen  
  20  2:12  Metabolic Boost  
  24  2:18  Drone x2  
  24  2:21  Drone  
  27  2:31  Baneling Nest  
  27  2:33  Drone  
  27  2:39  Drone x2  
  29  2:55  Overlord  
  29  2:56  Overlord  
  29  2:58  Zergling x4  
  29  3:03  Queen  
  33  3:06  Drone  
  34  3:34  Drone x3  
  36  3:35  Drone x2  
  36  3:37  Overlord x2  
  39  3:57  Zergling x2  
  39  3:58  Zergling x10  
  45  4:11  Zergling x2  
  45  4:12  Zergling x10  
  51  4:21  Evolution Chamber  
  50  4:24  Drone  
  50  4:25  Evolution Chamber  
  36  5:15  Spore Crawler  
  35  5:22  Spore Crawler  
  35  5:27  Spore Crawler  
  33  5:32  Spore Crawler, Queen x2  
  36  5:39  Spore Crawler  
  36  5:41  Spore Crawler  
  34  6:09  Spore Crawler  
  33  6:15  Spore Crawler, Drone  
  33  6:16  Drone x6  
  33  6:17  Drone x2  
  41  6:30  Spore Crawler  
  40  6:34  Spore Crawler  
  40  6:36  Zerg Ground Armor Level 1, Zerg Melee Weapons Level 1  
  39  6:48  Extractor x2  
  37  6:59  Hatchery, Lair  
  36  7:05  Extractor  
  35  7:19  Queen  
  27  7:49  Drone  
  27  7:50  Drone x11  
  38  7:55  Queen  
  40  8:15  Queen  
  42  8:41  Spore Crawler  
  41  8:45  Spore Crawler  
  40  8:48  Spore Crawler  
  39  9:02  Hatchery  
  38  9:05  Zergling x2  
  38  9:06  Zergling x40  
  37  11:01  Spore Crawler  
  36  11:10  Queen  
  38  11:11  Hatchery, Queen  
  38  11:13  Zerg Ground Armor Level 2, Zerg Melee Weapons Level 2  
  39  11:37  Hydralisk Den  
  38  12:35  Queen x2  
  42  12:47  Queen  
  44  13:10  Queen  
  39  13:22  Queen  
  30  13:59  Queen x2  
  34  14:34  Queen  
  22  15:44  Queen  
  24  16:20  Queen  
Show
View Real Time Build Order
Export as new Build Order

Parazitu Zerg - Winner!

Build Orders: Hatch First 

Get SALT Encoding   

  12  0:02  Drone  
  13  0:31  Hatchery  
  12  0:39  Drone x2  
  14  0:46  Overlord  
  14  1:07  Drone  
  14  1:08  Drone  
  16  1:14  Spawning Pool  
  16  1:16  Drone  
  16  1:22  Drone  
  17  1:33  Drone  
  18  1:43  Drone  
  18  1:45  Drone  
  20  1:54  Overlord  
  20  2:01  Extractor  
  19  2:02  Extractor  
  19  2:04  Drone  
  19  2:05  Queen x2  
  19  2:07  Drone  
  25  2:08  Drone  
  25  2:20  Drone  
  26  2:28  Drone  
  26  2:29  Drone x2  
  29  2:37  Overlord  
  29  2:53  Zergling x6  
  32  3:00  Overlord  
  32  3:07  Zergling x2  
  32  3:09  Metabolic Boost  
  32  3:12  Lair  
  33  3:21  Drone  
  33  3:22  Drone x7  
  41  3:32  Drone x2  
  43  3:46  Extractor x2  
  41  3:53  Drone x6  
  47  4:13  Drone  
  47  4:15  Drone  
  49  4:17  Drone x2  
  49  4:18  Drone  
  52  4:30  Spire  
  51  4:35  Zergling x2  
  51  4:37  Overlord x3  
  52  5:03  Drone x8  
  60  5:12  Overlord  
  60  5:13  Overlord x3  
  59  5:44  Zergling x14  
  59  5:45  Zergling x8  
  59  5:47  Hatchery  
  65  5:53  Hatchery  
  64  6:03  Zerg Flyer Weapons Level 1  
  64  6:08  Infestation Pit  
  63  6:24  Extractor  
  62  6:33  Mutalisk  
  62  6:34  Mutalisk x11  
  86  6:41  Extractor  
  86  6:44  Extractor  
  86  6:45  Hive  
  84  6:47  Drone  
  84  6:48  Drone  
  86  6:59  Extractor  
  85  7:03  Drone x3  
  85  7:05  Drone x2  
  85  7:07  Drone  
  90  7:27  Drone x3  
  90  7:28  Drone x6  
  90  7:29  Drone  
  93  7:42  Mutalisk x4  
  93  7:43  Mutalisk x2  
  102  7:52  Spire  
  102  7:57  Zerg Flyer Armor Level 1  
  101  8:06  Mutalisk  
  101  8:07  Mutalisk x4  
  111  8:31  Mutalisk x4  
  119  8:38  Zergling x2  
  119  8:40  Overlord  
  119  8:41  Overlord x6  
  105  9:19  Mutalisk x5  
  105  9:20  Mutalisk x6  
  125  9:44  Queen  
  125  9:45  Queen  
  127  10:10  Zergling x2  
  127  10:11  Zergling x22  
  133  10:22  Zerg Flyer Weapons Level 2, Zerg Flyer Armor Level 2  
  129  10:50  Mutalisk x15  
  129  10:51  Mutalisk  
  153  11:08  Evolution Chamber  
  153  11:09  Evolution Chamber  
  151  11:13  Mutalisk  
  151  11:14  Mutalisk x3  
  151  11:16  Zergling x14  
  151  11:17  Zergling x10  
  164  11:54  Mutalisk x9  
  149  12:00  Zergling x2  
  149  12:01  Zergling x18  
  167  12:21  Mutalisk x4  
  175  12:24  Overlord x7  
  175  12:40  Zerg Ground Armor Level 1, Zerg Melee Weapons Level 1  
  175  12:43  Zerg Flyer Weapons Level 3  
  175  13:01  Spine Crawler  
  175  13:02  Spine Crawler  
  175  13:04  Spine Crawler  
  167  13:23  Mutalisk x2  
  167  13:24  Mutalisk x8  
  182  13:43  Mutalisk  
  182  13:44  Mutalisk x3  
  190  14:07  Nydus Network  
  189  14:15  Mutalisk  
  189  14:16  Mutalisk x3  
  189  14:17  Mutalisk  
  193  15:17  Mutalisk x3  
  195  15:39  Mutalisk  
  195  15:40  Mutalisk x5  
  153  16:32  Nydus Canal  
  153  16:36  Zergling x12  
  153  16:37  Zergling x36  
Show
View Real Time Build Order
Export as new Build Order

TaviD Zerg - Winner!

Build Orders: Pool First, Muta Ling Bane 

Get SALT Encoding   

  12  0:01  Drone  
  13  0:11  Drone  
  14  0:26  Extractor  
  13  0:29  Extractor  
  12  0:39  Drone, Overlord  
  12  0:40  Drone  
  14  0:51  Spawning Pool  
  13  1:21  Hatchery  
  13  1:25  Drone  
  13  1:35  Drone x2  
  15  1:51  Queen  
  17  1:57  Drone  
  17  1:59  Drone  
  19  2:07  Metabolic Boost  
  19  2:18  Drone  
  19  2:19  Drone  
  21  2:34  Queen  
  21  2:35  Drone  
  24  2:41  Lair  
  24  2:52  Baneling Nest  
  24  2:56  Drone x2  
  25  3:03  Overlord  
  25  3:11  Overlord  
  25  3:28  Zergling x4  
  27  3:34  Spine Crawler  
  27  3:38  Drone x3  
  29  3:42  Centrifical Hooks  
  29  3:45  Zergling x2  
  29  3:47  Baneling x2  
  30  3:52  Drone  
  30  3:54  Drone  
  32  4:05  Baneling x4  
  32  4:09  Drone  
  34  4:10  Drone x2  
  34  4:14  Drone  
  36  4:30  Overlord  
  36  4:31  Overlord  
  36  4:38  Extractor x2  
  34  4:39  Drone x2  
  34  5:06  Drone  
  36  5:07  Drone x2  
  36  5:11  Drone x2  
  36  5:12  Drone x4  
  36  5:13  Spire  
  42  5:19  Drone  
  43  5:55  Drone x5  
  48  5:58  Zergling x4  
  48  5:59  Zergling x2  
  48  6:00  Overlord x3  
  50  6:24  Overseer x2  
  50  6:26  Baneling x2  
  50  6:27  Baneling x4  
  50  6:28  Overseer  
  50  6:29  Pneumatized Carapace  
  50  6:33  Spine Crawler  
  50  6:35  Spine Crawler  
  50  6:38  Overlord  
  48  6:59  Zerg Flyer Weapons Level 1  
  48  7:14  Drone  
  48  7:15  Drone  
  48  7:42  Mutalisk x4  
  48  7:43  Mutalisk x8  
  71  7:45  Zergling x8  
  75  7:53  Queen  
  75  7:55  Zergling x8  
  81  7:59  Overlord  
  81  8:05  Spore Crawler  
  80  8:07  Spore Crawler  
  79  8:38  Mutalisk x6  
  79  8:40  Zergling x2  
  91  8:58  Mutalisk, Zergling x4  
  91  8:59  Zergling x2  
  89  9:03  Overlord x3  
  88  9:23  Mutalisk  
  88  9:24  Mutalisk x3  
  89  9:45  Mutalisk x2  
  59  10:45  Mutalisk x6  
  71  11:00  Evolution Chamber  
  71  11:03  Mutalisk x2  
  74  11:14  Hatchery  
  74  11:15  Overlord x2  
  74  11:17  Hatchery, Overlord x2  
  72  11:25  Overlord x4  
  72  11:26  Overlord  
  72  11:32  Overseer  
  72  11:37  Zerg Flyer Armor Level 1  
  72  12:02  Mutalisk x5  
  82  12:19  Hatchery  
  81  12:34  Mutalisk x2  
  81  12:35  Mutalisk x2  
  81  12:36  Zergling x8  
  81  12:37  Zergling x10  
  96  12:38  Extractor  
  96  12:40  Extractor  
  96  12:41  Extractor  
  96  12:42  Extractor  
  94  12:44  Queen  
  96  13:15  Drone x2  
  94  13:37  Mutalisk x2  
  94  13:38  Mutalisk x6  
  94  13:39  Zergling x6  
  94  13:40  Zergling x20  
  123  13:48  Drone x2  
  125  14:03  Spire  
  125  14:04  Infestation Pit  
  125  14:07  Mutalisk  
  125  14:08  Mutalisk x3  
  131  14:12  Drone x2  
  131  14:13  Drone x2  
  131  14:15  Drone  
  131  14:16  Drone x3  
  125  15:10  Mutalisk x6  
  125  15:11  Mutalisk x3  
  79  16:03  Drone x2  
  79  16:04  Drone  
  83  16:18  Zergling x8  
  83  16:19  Zergling x26  
  83  16:20  Zergling x6  
  102  16:41  Extractor  
  102  16:42  Extractor  
Show
View Real Time Build Order
Export as new Build Order

Exe Protoss - Winner!

Build Orders: Oracle Opening 

Get SALT Encoding   

  12  0:01  Probe (Chrono Boost)  
  13  0:12  Probe (Chrono Boost)  
  14  0:22  Probe (Chrono Boost), Pylon  
  15  0:40  Probe (Chrono Boost)  
  15  0:41  Gateway  
  16  0:51  Probe (Chrono Boost)  
  16  0:54  Assimilator  
  17  1:02  Probe (Chrono Boost)  
  18  1:09  Pylon  
  18  1:12  Probe (Chrono Boost)  
  19  1:23  Probe (Chrono Boost)  
  19  1:35  Probe (Chrono Boost)  
  19  1:38  Assimilator  
  20  1:42  Cybernetics Core  
  20  1:45  Probe (Chrono Boost)  
  21  1:56  Probe (Chrono Boost)  
  22  2:06  Probe (Chrono Boost)  
  23  2:09  Nexus  
  23  2:20  Mothership Core (Chrono Boost)  
  25  2:32  Stargate  
  25  2:38  Probe (Chrono Boost)  
  26  2:49  Probe (Chrono Boost)  
  27  2:53  Warp Gate  
  27  2:59  Probe (Chrono Boost)  
  27  3:02  Forge  
  28  3:10  Assimilator, Probe (Chrono Boost)  
  28  3:12  Assimilator  
  29  3:20  Probe (Chrono Boost)  
  29  3:22  Pylon  
  29  3:24  Oracle (Chrono Boost)  
  33  3:29  Probe (Chrono Boost)  
  33  3:31  Probe (Chrono Boost)  
  35  3:39  Probe (Chrono Boost)  
  35  3:40  Pylon  
  36  3:47  Probe  
  37  3:49  Probe  
  38  3:58  Oracle (Chrono Boost)  
  38  3:59  Probe x2  
  43  4:04  Photon Cannon  
  43  4:22  Probe  
  43  4:23  Photon Cannon  
  44  4:28  Probe, Photon Cannon  
  44  4:29  Oracle (Chrono Boost)  
  48  5:06  Oracle (Chrono Boost)  
  51  5:12  Pylon  
  51  5:13  Probe, Pylon  
  51  5:15  Probe  
  51  5:16  Pylon x2  
  53  5:21  Protoss Air Weapons Level 1 (Chrono Boost)  
  53  5:24  Probe  
  53  5:27  Probe  
  55  5:28  Photon Cannon  
  55  5:34  Probe  
  55  5:37  Oracle (Chrono Boost)  
  55  5:39  Probe  
  60  5:45  Probe  
  61  5:54  Probe  
  61  5:56  Probe  
  62  6:03  Stargate x2  
  60  6:31  Probe  
  60  6:32  Probe  
  59  6:36  Void Ray (Chrono Boost)  
  63  7:05  Void Ray (Chrono Boost)  
  63  7:07  Void Ray (Chrono Boost)  
  71  7:12  Nexus, Void Ray (Chrono Boost)  
  75  7:16  Protoss Air Armor Level 1 (Chrono Boost)  
  75  7:17  Pylon x2  
  75  7:19  Pylon  
  72  7:47  Void Ray (Chrono Boost)  
  80  7:53  Assimilator  
  80  7:55  Void Ray x2 (Chrono Boost)  
  80  7:56  Assimilator  
  84  7:59  Pylon x2  
  84  8:11  Probe x2  
  86  8:23  Probe x2  
  86  8:24  Void Ray (Chrono Boost)  
  86  8:25  Fleet Beacon  
  92  8:32  Void Ray (Chrono Boost)  
  100  8:38  Void Ray (Chrono Boost)  
  99  9:02  Void Ray (Chrono Boost)  
  100  9:09  Void Ray (Chrono Boost)  
  108  9:21  Void Ray (Chrono Boost)  
  108  9:39  Void Ray (Chrono Boost)  
  112  9:46  Void Ray (Chrono Boost)  
  117  10:14  Void Ray (Chrono Boost)  
  117  10:19  Void Ray (Chrono Boost)  
  117  10:40  Pylon  
  117  10:42  Pylon  
  117  10:43  Protoss Air Weapons Level 2  
  117  10:44  Pylon  
  117  10:45  Pylon  
  117  10:48  Pylon  
  117  10:59  Void Ray (Chrono Boost)  
  117  11:00  Void Ray (Chrono Boost)  
  129  11:05  Void Ray (Chrono Boost)  
  129  11:13  Nexus  
  129  11:16  Assimilator  
  129  11:18  Pylon  
  129  11:20  Pylon  
  129  11:22  Pylon  
  129  11:36  Void Ray (Chrono Boost)  
  129  11:37  Void Ray (Chrono Boost)  
  141  11:47  Void Ray (Chrono Boost)  
  109  12:14  Void Ray (Chrono Boost)  
  109  12:22  Carrier (Chrono Boost)  
  121  12:33  Carrier (Chrono Boost)  
  121  13:04  Photon Cannon x2  
  121  13:06  Photon Cannon, Protoss Air Weapons Level 3 (Chrono Boost)  
  121  13:08  Photon Cannon  
  121  13:18  Carrier (Chrono Boost)  
  127  13:26  Carrier  
  127  13:27  Probe x2  
  135  13:50  Carrier  
  141  14:40  Carrier  
  141  14:43  Carrier  
  153  15:16  Carrier  
Tags
 
Add a new tag
Caveats
  • Supply blocks, unpowered buildings, or Contaminate may cause inaccurate times.
  • Supply counts are checked every 10 seconds.